 Dungeon Crawl Stone Soup version 0.28-a0-537-g3bccd9ccbf (webtiles) character file.

Game seed: 9076917807093107549

213 Tocho the Poker (level 5, -3/46 HPs)
             Began as a Minotaur Gladiator on Sept 27, 2021.
             Killed by divine providence
             ... invoked by an orc priest
              (13 damage)
             ... on level 3 of the Dungeon.
             The game lasted 00:02:37 (2637 turns).

Tocho the Poker (Minotaur Gladiator)                Turns: 2637, Time: 00:02:38

Health: -3/46      AC:  3    Str: 19    XL:     5   Next: 59%
Magic:  4/4        EV: 12    Int:  5    God:
Gold:   46         SH:  0    Dex: 12    Spells: 4/4 levels left

rFire   . . .      SeeInvis .   a - +0 trident
rCold   . . .      Faith    .   (no shield)
rNeg    . . .      Spirit   .   b - +0 leather armour
rPois   .          Reflect  .   c - +0 hat
rElec   .          Harm     .   (no cloak)
rCorr   .          Rampage  .   (no gloves)
Will    .....                   (no boots)
Stlth   +.........              (no amulet)
HPRegen 0.15/turn               (no ring)
MPRegen 0.09/turn               (no ring)

@: no status effects
A: horns 2, retaliatory headbutt
a: no special abilities


You were on level 3 of the Dungeon.
You visited 1 branch of the dungeon, and saw 3 of its levels.

You collected 102 gold pieces.
You spent 56 gold pieces at shops.

Inventory:

Hand Weapons
 a - a +0 trident (weapon)
Missiles
 d - 3 throwing nets (quivered)
Armour
 b - a +0 leather armour (worn)
 c - a +0 hat (worn)
Scrolls
 g - a scroll of amnesia {unknown}
 i - 2 scrolls of holy word {unknown}
 j - 5 scrolls of identify
 k - a scroll of fear {unknown}
 l - 3 scrolls of teleportation {unknown}
 o - a scroll of noise {unknown}
Potions
 e - a potion of flight {unknown}
 f - 2 potions of haste {unknown}
 h - a potion of heal wounds {unknown}
 m - a potion of attraction {unknown}
 n - a potion of mutation {unknown}


   Skills:
 * Level 4.0 Fighting
 * Level 6.1 Polearms
 + Level 2.0 Throwing
 + Level 1.8 Armour
 + Level 3.7 Dodging
 + Level 0.7 Stealth


You had 4 spell levels left.
You didn't know any spells.
Your spell library was empty.

Dungeon Overview and Level Annotations

Branches:
Dungeon (3/15)

Altars:
Zin

Shops:
D:2 ?


Innate Abilities, Weirdness & Mutations

You have a pair of horns on your head.
You reflexively headbutt those who attack you in melee.


Message History

The orc hits you with a +0 flail.
The orc priest looks encouraged for a moment.
You closely miss the orc.
The orc is severely wounded.
The orc barely misses you. You furiously retaliate!
You headbutt the orc.
You kill the orc!
Something hits you.
You see here a +0 flail.
You reach to attack!
You hit the orc but do no damage.
You hear some strange, mumbled words.
A magic dart appears from out of thin air!
The magic dart hits you!
You are too injured to fight recklessly!
You closely miss something. Something hits you but does no damage.
You closely miss something. Your headbutt misses something.
The orc priest calls down the wrath of Beogh upon you.
Beogh smites you!
* * * LOW HITPOINT WARNING * * *
Something hits you.
* * * LOW HITPOINT WARNING * * *
You hit something but do no damage. Something hits you but does no damage.
You miss something. Something hits you.
* * * LOW HITPOINT WARNING * * *
You closely miss something. Your headbutt misses something. Something hits you.
* * * LOW HITPOINT WARNING * * *
You puncture something! Something hits you.
* * * LOW HITPOINT WARNING * * *
The orc priest looks encouraged for a moment.
You miss something. You headbutt something.
Reactivating autopickup.
You feel a bit more experienced.
Your Fighting skill increases to level 4!
Your Polearms skill increases to level 6!
You closely miss the orc. The orc hits you but does no damage.
You hit the orc but do no damage. The orc closely misses you.
You puncture the orc!
You kill the orc!
The orc priest invokes the aid of Beogh against you.
Beogh smites you!
You die...

##### ##...#######+###
♣P.♣...........#
♣..P♣###.......#
♣♣..♣♣.'.......+
♣♣♣..♣##.......#
..♣.(♣##....'########.#
....♣♣.+....'..)@)o...#
PPP...##....###########
P..♣♣'##....#
..P♣........#
♣♣♣.........#
#.........# #.........#
#.####....#
##.........#


You could see an orc priest.

Vanquished Creatures
  An orc priest (D:3)
  2 orc wizards (D:3)
  A killer bee zombie (D:3)
  4 adders
  5 orcs (D:3)
  7 ball pythons
  5 bats
  9 endoplasms
  3 giant cockroaches
  10 goblins
  4 hobgoblins
  3 jackals (D:2)
  2 kobolds
  3 quokkas
  3 frilled lizards
  8 rats
  A bush (D:3)
71 creatures vanquished.

Notes
Turn   | Place    | Note
-------+----------+-------------------------------------------
     0 | D:1      | Tocho the Minotaur Gladiator began the quest for the Orb.
     0 | D:1      | Reached XP level 1. HP: 18/18 MP: 0/0
   118 | D:1      | Reached skill level 4 in Polearms
   237 | D:1      | Reached XP level 2. HP: 25/25 MP: 1/1
   244 | D:1      | Found a faded altar of an unknown god.
   651 | D:1      | Reached XP level 3. HP: 30/30 MP: 2/2
   981 | D:2      | Found a glowing silver altar of Zin.
  1174 | D:2      | Reached skill level 5 in Polearms
  1174 | D:2      | Reached skill level 1 in Armour
  1183 | D:2      | Found Cygeghuu's Magic Scroll Boutique.
  1189 | D:2      | Bought a scroll of identify for 28 gold pieces
  1189 | D:2      | Bought a scroll of identify for 28 gold pieces
  1304 | D:2      | Reached XP level 4. HP: 32/38 MP: 3/3
  2111 | D:3      | Reached XP level 5. HP: 8/46 MP: 4/4
  2635 | D:3      | Reached skill level 6 in Polearms
  2637 | D:3      | Killed from afar by an orc priest

Illustrated notes

Levels and vault maps discovered:
D:1:      sevenhm_arrival_forest_fort_large_4, layout_loops_ring,
          shapermc_ecumenical_altar_mp_urbaneastern
D:2:      layout_basic, serial_shops, shop, basic_altar
D:3:      layout_basic, serial_forest, infiniplex_forest_3_way,
          infiniplex_forest_zigzag_1, infiniplex_forest_corner_2,
          infiniplex_forest_lined_room_, infiniplex_forest_lined_corner,
          infiniplex_forest_straight_4, st_stairs_7, minmay_close_crescents

Skill      XL: |  1  2  3  4  5 |
---------------+----------------+-----
Polearms       | 4 5 6 |  6.1
Fighting       | 3 4 |  4.0
Armour         | 1 |  1.8
Throwing       | |  2.0
Dodging        | |  3.7
Stealth        | |  0.7

Action                   |  1- 3 |  4- 6 || total
-------------------------+-------+-------++-------
Melee: Trident           |   100 |   118 ||   218
       Headbutt          |    17 |    31 ||    48
 Stab: Sleeping          |     2 |     2 ||     4
Armor: Leather armour    |    16 |    13 ||    29
Dodge: Dodged            |    44 |    31 ||    75

Table legend: (Time is in decaauts)
 A = Elapsed time spent in this place.
 B = Non-inter-level travel time spent in this place.
 C = Inter-level travel time spent in this place.
 D = Time resting spent in this place.
 E = Time spent auto-exploring this place.
 F = Levels seen in this place.
 G = Mean time per level.
                   A        B        C        D        E       F      G
               +--------+--------+--------+--------+--------+-----+--------+
         Total |   2647 |   2546 |    101 |      0 |   2136 |   3 |  882.3 |
       Dungeon |   2647 |   2546 |    101 |      0 |   2136 |   3 |  882.3 |
               +--------+--------+--------+--------+--------+-----+--------+

Top non-repeatable levels by time:
     D:1: 954 daAuts
     D:3: 863 daAuts
     D:2: 829 daAuts
